 Dungeon Crawl Stone Soup version 0.25.1-8-g42b30a86e7 (webtiles) character file.

Game seed: 7498918955615542971

100 Abzac the Chopper (level 4, 0/41 HPs)
             Began as a Hill Orc Monk on Dec 18, 2020.
             Slain by an orc wizard
             ... wielding a +0 dagger
              (2 damage)
             ... on level 2 of the Dungeon.
             The game lasted 00:03:12 (2734 turns).

Abzac the Chopper (Hill Orc Monk)                   Turns: 2734, Time: 00:03:13

Health: 0/41       AC:  6    Str: 14    XL:     4   Next: 74%
Magic:  4/4        EV: 11    Int: 10    God:
Gold:   122        SH:  0    Dex: 13    Spells: 3/3 levels left

rFire    . . .     SeeInvis .   a - +0 hand axe
rCold    . . .     Gourm    .   (no shield)
rNeg     . . .     Faith    .   h - +0 ring mail
rPois    .         Spirit   .   d - +0 helmet
rElec    .         Reflect  .   (no cloak)
rCorr    .         Harm     .   (no gloves)
MR       .....                  (no boots)
Stlth    +.........             (no amulet)
HPRegen  0.13/turn              (no ring)
MPRegen  0.09/turn              (no ring)

@: no status effects
A: no striking features
a: no special abilities


You were on level 2 of the Dungeon.
You were not hungry.

You visited 1 branch of the dungeon, and saw 3 of its levels.

You collected 122 gold pieces.

Inventory:

Hand Weapons
 a - a +0 hand axe (weapon)
Armour
 b - a +0 robe
 d - a +0 helmet (worn)
 h - a +0 ring mail (worn)
Scrolls
 f - a scroll of remove curse
 k - a scroll of amnesia {unknown}
Potions
 e - 5 potions of heal wounds {unknown}
 g - a potion of mutation {unknown}
 j - a potion of flight {unknown}
 l - a potion of ambrosia {unknown}
Comestibles
 c - 5 rations


   Skills:
 + Level 4.8 Fighting
 + Level 5.3 Axes
 + Level 2.1 Armour
 - Level 2.4 Dodging
 - Level 1.5 Stealth


You had 3 spell levels left.
You didn't know any spells.
Your spell library was empty.

Dungeon Overview and Level Annotations

Branches:
Dungeon (3/15)

Altars:


Message History

You closely miss the orc wizard.
The orc wizard is moderately wounded.
The orc wizard hits you but does no damage.
You hit the orc wizard.
The orc wizard is moderately wounded.
The orc wizard gestures at you while chanting.
The magic dart hits you.
* * * LOW HITPOINT WARNING * * *
You hit the orc wizard.
The orc wizard is heavily wounded.
The orc wizard hits you but does no damage.
You hit the orc wizard.
The orc wizard is severely wounded.
The orc wizard points at you and mumbles some strange words.
The puff of flame hits you.
* * * LOW HITPOINT WARNING * * *
You closely miss the orc wizard.
The orc wizard is severely wounded.
The orc wizard hits you with a +0 dagger.
You die...

#.# ##.#######.##...
#.######...######.##...
#........#......#.##...
#.######...####.#.#....
#(# ##.## #.#...... #.#
#.#####.#..(... #.#
#.....(.......#
#.#############..)....#
#.....@o..#######.....#
#########.........#..(.
#########.##... #......
#######


You could see an orc wizard.

Vanquished Creatures
  4 adders (D:2)
  An ooze (D:2)
  4 worms (D:2)
  A dart slug (D:2)
  2 leopard geckos (D:2)
  An orc (D:3)
  A ball python (D:2)
  A giant cockroach (D:3)
  10 hobgoblins
  4 bats
  7 frilled lizards
  3 goblins
  5 kobolds (D:2)
  4 rats
48 creatures vanquished.

Notes
Turn   | Place    | Note
-------+----------+-------------------------------------------
     0 | D:1      | Abzac the Hill Orc Monk began the quest for the Orb.
     0 | D:1      | Reached XP level 1. HP: 19/19 MP: 1/1
   382 | D:1      | Reached XP level 2. HP: 27/27 MP: 2/2
  1308 | D:2      | Reached XP level 3. HP: 30/33 MP: 3/3
  1366 | D:2      | Reached skill level 1 in Armour
  1651 | D:2      | Reached skill level 5 in Axes
  1651 | D:2      | Reached XP level 4. HP: 31/41 MP: 4/4
  2733 | D:2      | HP: 2/41 [orc wizard/puff of flame (4)]
  2734 | D:2      | Slain by an orc wizard

Illustrated notes

Levels and vault maps discovered:
D:1:      wander_arrival_desolate, layout_basic, minmay_misc_feat_four_crosses,
          minmay_nonomino_d4
D:2:      layout_loops_ring, first_ration
D:3:      layout_loops_cross

Skill      XL: |  1  2  3  4 |
---------------+-------------+-----
Fighting       | 4 |  4.8
Armour         | 1 2 |  2.1
Axes           | 5 |  5.3
Dodging        | |  2.4
Stealth        | |  1.5

Action                   |  1- 3 |  4- 6 || total
-------------------------+-------+-------++-------
Melee: Hand axe          |   123 |   114 ||   237
  Use: Scroll            |     1 |       ||     1
 Stab: Sleeping          |     1 |       ||     1
  Eat: Chunk             |     2 |     4 ||     6
Armor: Robe              |     6 |       ||     6
       Ring mail         |    38 |    41 ||    79
Dodge: Dodged            |    66 |    80 ||   146
